 Dungeon Crawl Stone Soup version 0.22-a0-469-gf26638a (webtiles) character file.

482 CougarLife the Chopper (level 6, 0/47 HPs)
             Began as a Demonspawn Fighter on June 12, 2018.
             Slain by an ogre
             ... wielding a +0 giant club
              (17 damage)
             ... on level 4 of the Dungeon.
             The game lasted 00:03:14 (3170 turns).

CougarLife the Chopper (Demonspawn Fighter)         Turns: 3170, Time: 00:03:15

Health: 0/47       AC: 10    Str: 19    XL:     6   Next: 87%
Magic:  6/6        EV:  7    Int:  9    God:
Gold:   166        SH:  9    Dex: 12    Spells: 5/5 levels left

rFire    . . .     SeeInvis .   a - +0 war axe
rCold    . . .     Gourm    .   c - +0 shield
rNeg     . . .     Faith    .   b - +0 scale mail
rPois    .         Spirit   .   (helmet restricted)
rElec    .         Reflect  .   (no cloak)
rCorr    .         Harm     .   w - +0 pair of gloves
MR       .....                  (no boots)
Stlth    ..........             (no amulet)
HPRegen  0.15/turn              (no ring)
MPRegen  0.10/turn              (no ring)

@: no status effects
A: horns 1, yellow scales 2
a: no special abilities


You were on level 4 of the Dungeon.
You were not hungry.

You visited 1 branch of the dungeon, and saw 4 of its levels.

You collected 166 gold pieces.

Inventory:

Hand Weapons
 a - a +0 war axe (weapon)
Armour
 b - a +0 scale mail (worn)
 c - a +0 shield (worn)
 w - a +0 pair of gloves (worn)
Jewellery
 r - an uncursed ring of wizardry {unknown}
Scrolls
 g - 2 scrolls of remove curse {unknown}
 i - 3 scrolls of identify {unknown}
 j - 2 scrolls of fog {unknown}
 l - a scroll of random uselessness {unknown}
 m - a scroll of blinking {unknown}
 o - a scroll of amnesia {unknown}
 q - 3 scrolls of teleportation {unknown}
 s - 2 scrolls of fear {unknown}
Potions
 e - 2 potions of invisibility {unknown}
 h - a potion of degeneration {unknown}
 k - a potion of agility {unknown}
 n - a potion of heal wounds {unknown}
 p - 2 potions of haste {unknown}
 t - a potion of ambrosia {unknown}
 u - a potion of brilliance {unknown}
 v - 3 potions of flight {unknown}
Comestibles
 d - 7 chunks of flesh
 f - 6 rations


   Skills:
 - Level 3.0 Fighting
 + Level 6.8 Axes
 - Level 2.6 Armour
 - Level 2.6 Shields


You had 5 spell levels left.
You didn't know any spells.
Your spell library was empty.

Dungeon Overview and Level Annotations

Branches:
Dungeon (4/15)             Temple (0/1) D:4

Altars:
Cheibriados
Makhleb
Nemelex Xobeh
Qazlal
Trog
Zin

Annotations:
D:4 Grinder


Innate Abilities, Weirdness & Mutations

You have a pair of small horns on your head.
You are mostly covered in yellow scales. (AC +3)


Message History

Eating one of 8 chunks of flesh.
You eat one of the 8 chunks of flesh.
This raw flesh tastes terrible.
HP restored.
An ogre comes into view. It is wielding a giant club.
The ogre shouts!
Found a ruby potion.
Why would you want to do that? The ogre hits you but does no damage.
You hit the ogre. You headbutt the ogre.
The ogre is lightly wounded.
The ogre hits you with a giant club!
Your shield and scale mail prevent you from hitting the ogre.
The ogre is lightly wounded.
The ogre hits you with a giant club!!
You are too injured to fight recklessly!
You are too injured to fight recklessly!
You hit the ogre.
The ogre is moderately wounded.
The ogre hits you with a giant club!
You die...

≈≈≈≈≈≈≈≈≈≈...#.#
#.≈≈≈≈≈≈...≈≈≈≈≈≈..#.#
##.≈≈≈≈≈≈.>.≈≈≈≈≈≈.##.#
...≈≈≈≈≈≈...≈≈≈≈≈≈.##.##
#!≈≈≈≈≈≈≈≈≈≈≈≈≈≈≈...>..
##..≈≈≈≈≈≈≈≈≈≈≈≈≈..##...
#.....≈≈≈≈≈≈≈≈≈....#####
#.......≈≈≈≈≈...)...# ##
......O@............# #≈
#...##############..###≈
# #.##..≈ #.##.#≈
#.#...≈ #...... #.#...#
##########.##.##
#..........##...


You could see an ogre.

Vanquished Creatures
  2 ogres (D:4)
  A howler monkey (D:4)
  A crimson imp (D:4)
  A hound (D:4)
  An orc priest (D:3)
  An orc wizard (D:3)
  3 gnolls (D:4)
  4 adders
  A shadow imp (D:2)
  An ooze (D:4)
  3 dart slugs
  3 leopard geckos
  8 orcs (D:3)
  3 giant cockroaches
  4 goblins
  11 hobgoblins
  3 jackals (D:1)
  A quokka (D:2)
  A ball python skeleton (D:4)
  A bat (D:3)
  6 frilled lizards
  4 kobolds
  10 rats
74 creatures vanquished.

Notes
Turn   | Place    | Note
-------+----------+-------------------------------------------
     0 | D:1      | CougarLife the Demonspawn Fighter began the quest for the Orb.
     0 | D:1      | Reached XP level 1. HP: 18/18 MP: 1/1
    46 | D:1      | Reached skill level 2 in Axes
   118 | D:1      | Gained mutation: You have a pair of small horns on your head. [demonic ancestry]
   118 | D:1      | Reached XP level 2. HP: 6/24 MP: 2/2
   588 | D:1      | Reached skill level 3 in Axes
   954 | D:2      | Reached XP level 3. HP: 29/29 MP: 3/3
  1038 | D:2      | Found a sparkling altar of Nemelex Xobeh.
  1380 | D:2      | Found a snail-covered altar of Cheibriados.
  1402 | D:2      | Reached skill level 4 in Axes
  1402 | D:2      | Gained mutation: You are partially covered in yellow scales. (AC +2) [demonic ancestry]
  1402 | D:2      | Reached XP level 4. HP: 35/35 MP: 4/4
  1774 | D:3      | Gained mutation: You are mostly covered in yellow scales. (AC +3) [demonic ancestry]
  1774 | D:3      | Reached XP level 5. HP: 25/41 MP: 5/5
  2048 | D:3      | Found a stormy altar of Qazlal.
  2048 | D:3      | Found a bloodstained altar of Trog.
  2049 | D:3      | Found a burning altar of Makhleb.
  2164 | D:3      | Found a glowing silver altar of Zin.
  2183 | D:3      | Reached skill level 5 in Axes
  2600 | D:4      | Noticed an ogre
  2608 | D:4      | Killed an ogre
  2852 | D:4      | Reached skill level 6 in Axes
  2852 | D:4      | Reached XP level 6. HP: 45/47 MP: 6/6
  3085 | D:4      | Noticed Grinder
  3099 | D:4      | Found a staircase to the Ecumenical Temple.
  3170 | D:4      | Slain by an ogre

Vault maps used:
D:1:      eino_arrival_cavern_c
D:2:      nemelex_xobeh_ov_fountains_minmay, kennysheep_slug_shrine,
          hangedman_decor_clover_reticule
D:3:      overflow_temple_1_default, gammafunk_temple_overflow_claw,
          minivault_14
D:4:      cheibrodos_thug_alley, minitemple, temple_pool_b, first_ration,
          uniq_grinder

Skill      XL: |  1  2  3  4  5 |
---------------+----------------+-----
Axes           | 2 3 4 6 |  6.8
Fighting       | |  3.0
Armour         | |  2.6
Shields        | |  2.6

Action                   |  1- 3 |  4- 6 || total
-------------------------+-------+-------++-------
Melee: War axe           |   104 |   151 ||   255
       Headbutt          |     7 |    24 ||    31
  Use: Potion            |       |     1 ||     1
  Eat: Chunk             |     2 |     6 ||     8
Armor: Scale mail        |    61 |    62 ||   123
Dodge: Dodged            |    24 |    39 ||    63
Block: Shield            |    49 |    79 ||   128

Table legend:
 A = Spawn XP
 B = Non-spawn XP
 C = Spawn XP percentage of total XP
 D = Spawn monster count
 E = Non-spawn monster count
 F = Spawn count percentage of total count
 G = Total turns spent on level
                    A         B        C        D         E        F      G
               +---------+---------+-------+---------+---------+-------+---------
         Total |       0 |     689 |   0.0 |       0 |      74 |   0.0 |  3170
               +---------+---------+-------+---------+---------+-------+---------
           D:1 |       0 |      38 |   0.0 |       0 |      22 |   0.0 |   873
           D:2 |       0 |      70 |   0.0 |       0 |      19 |   0.0 |   729
           D:3 |       0 |     149 |   0.0 |       0 |      21 |   0.0 |   960
           D:4 |       0 |     432 |   0.0 |       0 |      12 |   0.0 |   608
               +---------+---------+-------+---------+---------+-------+---------
